 Dungeon Crawl Stone Soup version 0.28-a0-178-ga708605c5b (webtiles) character file.

Game seed: 14903536004377120075

65 frimble the Slasher (level 3, -1/31 HPs)
             Began as a Minotaur Warper on Aug 18, 2021.
             Slain by a gnoll (3 damage)
             ... on level 2 of the Dungeon.
             The game lasted 00:01:25 (2359 turns).

frimble the Slasher (Minotaur Warper)               Turns: 2359, Time: 00:01:26

Health: -1/31      AC:  3    Str: 15    XL:     3   Next: 94%
Magic:  4/4        EV: 12    Int: 10    God:
Gold:   77         SH:  0    Dex: 10    Spells: 5/5 levels left

rFire   + . .      SeeInvis .   a - +0 falchion
rCold   + . .      Faith    .   (no shield)
rNeg    . . .      Spirit   .   b - +0 leather armour
rPois   +          Reflect  .   (helmet restricted)
rElec   +          Harm     .   (no cloak)
rCorr   +          Rampage  .   (no gloves)
Will    .....                   (no boots)
Stlth   +.........              (no amulet)
HPRegen 0.10/turn               (no ring)
MPRegen 0.09/turn               (no ring)

@: resistant, attractive
A: horns 2, retaliatory headbutt
a: no special abilities


You were on level 2 of the Dungeon.
You visited 1 branch of the dungeon, and saw 3 of its levels.

You collected 77 gold pieces.

Inventory:

Hand Weapons
 a - a +0 falchion (weapon)
Armour
 b - a +0 leather armour (worn)
Jewellery
 h - a +6 ring of strength
 n - an amulet of faith
Scrolls
 c - a scroll of blinking
 e - a scroll of teleportation {unknown}
 g - a scroll of amnesia {unknown}
 j - a scroll of enchant weapon {unknown}
 k - a scroll of silence {unknown}
Potions
 l - a potion of resistance
 m - 2 potions of heal wounds {unknown}


   Skills:
 + Level 3.0 Fighting
 + Level 3.0 Long Blades
 + Level 1.7 Throwing
 - Level 1.4 Armour
 + Level 2.8 Dodging
 + Level 1.6 Spellcasting
 + Level 2.4 Translocations


You had 5 spell levels left.
You didn't know any spells.
Your spell library contained the following spells:

 Spells                   Type           Power      Damage    Failure   Level
 Blink                    Tloc           N/A        N/A       22%         2
 Gell's Gravitas          Tloc           2%         N/A       41%         3
 Lesser Beckoning         Tloc           2%         N/A       41%         3
 Teleport Other           Tloc           5%         N/A       41%         3
 Manifold Assault         Tloc           5%         N/A       99%         5


Dungeon Overview and Level Annotations

Branches:
Dungeon (3/15)

Altars:


Innate Abilities, Weirdness & Mutations

You have a pair of horns on your head.
You reflexively headbutt those who attack you in melee.


Message History

You are too injured to fight recklessly!
You are too injured to fight recklessly!
You are too injured to fight recklessly!
You are too injured to fight recklessly!
You are too injured to fight recklessly!
The gnoll hits you with a +0 whip.
* * * LOW HITPOINT WARNING * * *
There is a stone staircase leading up here.
The gnoll hits you with a +0 whip.
* * * LOW HITPOINT WARNING * * *
You climb upwards.
There is a stone staircase leading down here.
You aren't carrying any items that you can evoke.
Throw: 2 boomerangs (disperse)
Press: ? - help, Q - select action Shift-Dir - straight line, f - gnoll
Aim: a gnoll, wielding a +0 whip (60% to hit)
You throw a boomerang of dispersal.
The boomerang of dispersal closely misses the gnoll.
The gnoll barely misses you.
Throw: boomerang (disperse)
Press: ? - help, Q - select action Shift-Dir - straight line, f/p - gnoll
Aim: a gnoll, wielding a +0 whip (60% to hit)
You throw a boomerang of dispersal.
The boomerang of dispersal hits the gnoll but does no damage.
The gnoll hits you with a +0 whip.
* * * LOW HITPOINT WARNING * * *
You aren't carrying any items that you can evoke.
It was a potion of magic.
Magic courses through your body. The gnoll barely misses you.
You furiously retaliate!
You headbutt the gnoll, but do no damage.
You riposte.
Your leather armour prevents you from hitting the gnoll.
It was a potion of attraction.
You feel attractive to monsters. The gnoll hits you with a +0 whip.
* * * LOW HITPOINT WARNING * * *
It was a potion of resistance.
You feel protected. The gnoll hits you with a +0 whip.
You die...

...............####...#####.###..
).....##............##....#.##..#
.#...######..#####..##...........
############..........>...#..####
.............................## #
.#..#####......#######........# #
.##....##.####.## #.......#.###
..####.##.####..#####......##....
#..# #......###.@g....####.######
##.######....##.####### #..≈≈≈≈.
#...## ##........## #≈≈ ##......
###..###..........# #≈##....≈≈.
##.....#..####..####≈≈≈≈≈≈.≈≈≈
##..#####.# #.....##≈≈≈≈≈≈≈≈≈
####...# #.#####..#.####.≈.≈.≈≈
#....#.### #...<###<.###.#.#.....
#.......)######.# ##.........#..#


You could see a gnoll.

Vanquished Creatures
  An adder (D:2)
  2 gnolls (D:3)
  A worm (D:2)
  A dart slug (D:2)
  2 endoplasms
  3 giant cockroaches
  2 goblins
  3 quokkas
  3 ball pythons
  2 bats
  A frilled lizard (D:2)
  9 kobolds
  A rat (D:2)
31 creatures vanquished.

Vanquished Creatures (others)
  4 plants (D:2)
  2 withered plants (D:2)
6 creatures vanquished.

Grand Total: 37 creatures vanquished

Notes
Turn   | Place    | Note
-------+----------+-------------------------------------------
     0 | D:1      | frimble the Minotaur Warper began the quest for the Orb.
     0 | D:1      | Reached XP level 1. HP: 18/18 MP: 1/1
   713 | D:1      | Reached XP level 2. HP: 22/25 MP: 3/3
  1706 | D:2      | Reached XP level 3. HP: 30/30 MP: 4/4
  2095 | D:2      | Found a faded altar of an unknown god.
  2359 | D:2      | Slain by a gnoll

Illustrated notes

Levels and vault maps discovered:
D:1:      dpeg_arrival_simpleton_b, layout_basic, minmay_tromino_v4_c
D:2:      layout_rooms, shapermc_ecumenical_altar_flowoftime,
          chequers_serial_rivers_small_3
D:3:      minmay_evil_eye, layout_basic, feat_on_display

Skill      XL: |  1  2  3 |
---------------+----------+-----
Fighting       | 3 |  3.0
Long Blades    | 3 |  3.0
Throwing       | |  1.7
Armour         | |  1.4
Dodging        | |  2.8
Spellcasting   | |  1.6
Translocations | |  2.4

Action                   || total
-------------------------++-------
Melee: Falchion          ||   122
       Headbutt          ||    24
Throw: Boomerang         ||     5
  Use: Potion            ||     3
Armor: Leather armour    ||    34
Dodge: Dodged            ||    88
       Rpst.: Falchion   ||    17

Table legend: (Time is in decaauts)
 A = Elapsed time spent in this place.
 B = Non-inter-level travel time spent in this place.
 C = Inter-level travel time spent in this place.
 D = Time resting spent in this place.
 E = Time spent auto-exploring this place.
 F = Levels seen in this place.
 G = Mean time per level.
                   A        B        C        D        E       F      G
               +--------+--------+--------+--------+--------+-----+--------+
         Total |   2385 |   2316 |     69 |      0 |   2029 |   3 |  795.0 |
       Dungeon |   2385 |   2316 |     69 |      0 |   2029 |   3 |  795.0 |
               +--------+--------+--------+--------+--------+-----+--------+

Top non-repeatable levels by time:
     D:1: 1368 daAuts
     D:2: 975 daAuts
     D:3: 42 daAuts
